 Dungeon Crawl Stone Soup version 0.21-a0-265-gb353147 (webtiles) character file.

452 nikopol the Poker (level 6, 0/56 HPs)
             Began as a Minotaur Berserker on Sept 8, 2017.
             Was a Priest of Trog.
             Succumbed to an orc wizard's poison
             ... on level 5 of the Dungeon on Sept 10, 2017.
             The game lasted 00:06:14 (3077 turns).

nikopol the Poker (Minotaur Berserker)              Turns: 3077, Time: 00:06:15

Health: 0/56       AC: 10    Str: 21    XL:     6   Next: 75%
Magic:  5/5        EV: 12    Int:  4    God:    Trog [***...]
Gold:   312        SH:  0    Dex: 12    Spells: 5/5 levels left

rFire    + . .     SeeInvis .   a - +0 spear
rCold    . . .     Gourm    .   (no shield)
rNeg     . . .     Faith    .   J - +2 ring mail {rF+}
rPois    .         Spirit   .   (helmet restricted)
rElec    .         Reflect  .   (no cloak)
rCorr    .         Harm     .   M - +0 pair of gloves
MR       .....                  k - +0 pair of boots
Stlth    +.........             (no amulet)
HPRegen  0.18/turn              (no ring)
MPRegen  0.09/turn              (no ring)

@: lethally poisoned (0 -> -25), berserk cooldown, slowed, very slow
A: retaliatory headbutt, horns 2
a: Berserk, Trog's Hand, Burn Spellbooks, Renounce Religion


You were on level 5 of the Dungeon.
You worshipped Trog.
Trog was most pleased with you.
You were very hungry.

You visited 1 branch of the dungeon, and saw 5 of its levels.

You collected 312 gold pieces.

Inventory:

Hand Weapons
 a - a +0 spear (weapon)
Missiles
 y - 51 arrows
Armour
 b - a +0 animal skin
 k - a +0 pair of boots (worn)
 p - a +0 troll leather armour
 G - a +1 chain mail of fire resistance
 J - a +2 ring mail of fire resistance (worn)
 M - a +0 pair of gloves (worn)
Jewellery
 o - an uncursed ring of stealth {unknown}
 r - a +4 amulet of reflection {unknown}
 u - an uncursed ring of flight {unknown}
Wands
 I - a wand of paralysis (5/24)
Scrolls
 d - a scroll of immolation {unknown}
 e - a scroll of enchant armour {unknown}
 g - 3 scrolls of magic mapping {unknown}
 h - 3 scrolls of remove curse {unknown}
 i - 3 scrolls of identify {unknown}
 m - a scroll of enchant weapon {unknown}
 n - 5 scrolls of teleportation {unknown}
 w - a scroll of random uselessness {unknown}
 H - a scroll of noise {unknown}
 K - a scroll of recharging {unknown}
Potions
 j - 4 potions of agility {unknown}
 l - 5 potions of curing {unknown}
 q - 2 potions of mutation {unknown}
 s - 3 potions of heal wounds {unknown}
 v - a potion of degeneration {unknown}
 z - a potion of lignification {unknown}
 A - a potion of invisibility {unknown}
 B - a potion of ambrosia {unknown}
 C - 3 potions of might {unknown}
 D - a potion of flight {unknown}
 E - a potion of haste {unknown}
 F - a potion of brilliance {unknown}
Comestibles
 c - 3 bread rations
 f - a royal jelly
 t - 4 meat rations
 x - 2 chunks of flesh
 L - 2 fruits


   Skills:
 + Level 5.5 Fighting
 + Level 6.0 Polearms
 + Level 4.1 Armour
 + Level 3.8 Dodging
 + Level 1.6 Stealth


You had 5 spell levels left.
You didn't know any spells.

Dungeon Overview and Level Annotations

Branches:
Dungeon (5/15)
 Temple: D:4-7

Altars:
Ashenzari
Cheibriados
Ru


Innate Abilities, Weirdness & Mutations

You reflexively headbutt those who attack you in melee.
You have a pair of horns on your head.


Message History

You feel sick.
Attack whom?
Press: ? - help, Dir - move target cursor, f - orc
Aim: an orc, wielding a mace You reach to attack!
You puncture the orc!
You kill the orc!
Trog accepts your kill.
* * * LOW HITPOINT WARNING * * *
You feel sick.
* * * LOW HITPOINT WARNING * * *
You feel sick.
You feel a strong urge to attack something.
* * * LOW HITPOINT WARNING * * *
You feel sick.
* * * LOW HITPOINT WARNING * * *
You feel sick.
You feel your anger subside.
You are no longer berserk.
You are exhausted.
You feel yourself slow down.
You die...

.$# #### #.#..# [..
..# #.#..#
#)#####.###.#..###
#)##............^#
#)##.##.....#.##.#
##.##.......##.##.#
##...#.##.#.....##.#
#.#.#..##.#..###....
#..@.........###.###
#.#.#..##.#......# #
#....#.##.#..###.###
....##.......# #....
####.##.##.#.##
###.#
#.##.#....######.#
#.##.............#
#.####............
##†##########


There were no monsters in sight!

Vanquished Creatures
  Edmund (D:4)
  A scorpion (D:5)
  A hound (D:5)
  A jelly (D:5)
  4 orc wizards
  A mummy (D:5)
  2 adders
  An ooze (D:2)
  An adder skeleton (D:4)
  An adder zombie (D:2)
  A dart slug (D:1)
  A leopard gecko (D:1)
  11 orcs
  A ball python (D:3)
  4 giant cockroaches
  8 goblins
  4 hobgoblins
  5 jackals (D:4)
  2 quokkas (D:3)
  11 bats
  7 frilled lizards
  A jackal skeleton (D:4)
  6 kobolds
  A quokka skeleton (D:4)
  6 rats
83 creatures vanquished.

Notes
Turn   | Place    | Note
-------+----------+-------------------------------------------
     0 | D:1      | nikopol the Minotaur Berserker began the quest for the Orb.
     0 | D:1      | Reached XP level 1. HP: 19/19 MP: 0/0
   124 | D:1      | Reached XP level 2. HP: 27/27 MP: 1/1
   324 | D:1      | Reached skill level 4 in Polearms
   535 | D:2      | Reached ** piety under Trog
   539 | D:2      | Reached XP level 3. HP: 32/33 MP: 2/2
   635 | D:2      | Found a shattered altar of Ashenzari.
  1514 | D:3      | Reached XP level 4. HP: 10/41 MP: 3/3
  1762 | D:3      | Reached *** piety under Trog
  1893 | D:3      | Found a sacrificial altar of Ru.
  2057 | D:4      | Upgraded the game from 0.21-a0-264-g3e31e41 to 0.21-a0-265-gb353147
  2166 | D:4      | Reached XP level 5. HP: 28/47 MP: 4/4
  2448 | D:4      | Reached skill level 5 in Polearms
  2453 | D:4      | Reached skill level 5 in Fighting
  2663 | D:4      | Noticed Edmund
  2674 | D:4      | Killed Edmund
  2674 | D:4      | Reached skill level 1 in Stealth
  2674 | D:4      | Reached XP level 6. HP: 56/56 MP: 5/5
  2796 | D:5      | Entered Level 5 of the Dungeon
  2835 | D:5      | Found a snail-covered altar of Cheibriados.
  3071 | D:5      | Reached skill level 6 in Polearms
  3075 | D:5      | HP: 3/84 [poisoned by an orc wizard]
  3077 | D:5      | Succumbed to an orc wizard's poison

Vault maps used:
D:1:      saegor_arrival_simple_f
D:2:      ashenzari_conservatory_becter, patterned_corridor
D:3:      first_bread, nicolae_ru_the_path_less_chosen
D:4:      uniq_edmund
D:5:      slow_altar_1, nicolae_dithmenos_the_darkroom

Skill      XL: |  1  2  3  4  5  6 |
---------------+-------------------+-----
Fighting       | 4 5 |  5.5
Polearms       | 4 5 6 |  6.0
Armour         | 3 4 |  4.1
Dodging        | 3 |  3.8
Stealth        | 1 |  1.6

Action                   |  1- 3 |  4- 6 || total
-------------------------+-------+-------++-------
Melee: Spear             |   101 |   142 ||   243
       Headbutt          |     9 |    21 ||    30
Invok: Berserk           |     1 |     2 ||     3
 Stab: Sleeping          |     1 |     1 ||     2
       Distracted        |       |     1 ||     1
  Eat: Chunk             |     2 |     6 ||     8
Armor: Animal skin       |     5 |       ||     5
       Troll leather arm |    12 |    11 ||    23
       Ring mail         |       |    10 ||    10
Dodge: Dodged            |    50 |    49 ||    99

Table legend:
 A = Spawn XP
 B = Non-spawn XP
 C = Spawn XP percentage of total XP
 D = Spawn monster count
 E = Non-spawn monster count
 F = Spawn count percentage of total count
 G = Total turns spent on level
                    A         B        C        D         E        F      G
               +---------+---------+-------+---------+---------+-------+---------
         Total |       0 |     647 |   0.0 |       0 |      83 |   0.0 |  3077
               +---------+---------+-------+---------+---------+-------+---------
           D:1 |       0 |      37 |   0.0 |       0 |      21 |   0.0 |   526
           D:2 |       0 |      38 |   0.0 |       0 |      12 |   0.0 |   882
           D:3 |       0 |      82 |   0.0 |       0 |      25 |   0.0 |   510
           D:4 |       0 |     228 |   0.0 |       0 |      15 |   0.0 |   878
           D:5 |       0 |     262 |   0.0 |       0 |      10 |   0.0 |   281
               +---------+---------+-------+---------+---------+-------+---------
